 Dungeon Crawl Stone Soup version 0.27-a0-1189-gb8eb6ce (webtiles) character file.

Game seed: 17640633532096988077

1531 bananamous the Chopper (level 8, -3/72 HPs)
             Began as a Gargoyle Berserker on May 22, 2021.
             Was an Elder of Trog.
             Slain by a killer bee (5 damage)
             ... on level 6 of the Dungeon.
             The game lasted 00:24:57 (8168 turns).

bananamous the Chopper (Gargoyle Berserker)         Turns: 8168, Time: 00:24:58

Health: -3/72      AC: 21    Str: 23    XL:     8   Next: 85%
Magic:  8/8        EV:  6    Int:  8    God:    Trog [****..]
Gold:   292        SH: 10    Dex:  9    Spells: 7/7 levels left

rFire    . . .     SeeInvis .   p - +0 war axe
rCold    . . .     Faith    .   g - +0 kite shield
rNeg     + . .     Spirit   .   o - +0 chain mail
rPois    ∞         Reflect  .   r - +0 helmet
rElec    +         Harm     .   k - +2 cloak
rCorr    .         Rampage  .   d - +0 pair of gloves
Will     .....                  (no boots)
Stlth    ..........             (no amulet)
HPRegen  0.22/turn              (no ring)
MPRegen  0.11/turn              (no ring)

@: berserking (expiring), very quick
A: sickness immunity, AC +5, negative energy resistance 1, electricity
resistance, torment resistance 1, petrification resistance
a: Renounce Religion, Berserk, Trog's Hand, Brothers in Arms


You were on level 6 of the Dungeon.
You worshipped Trog.
Trog was greatly pleased with you.
You visited 1 branch of the dungeon, and saw 6 of its levels.
You also visited: Sewer.

You collected 292 gold pieces.

Inventory:

Hand Weapons
 a - a +0 hand axe
 n - a +2 hand axe of venom
 p - a +0 war axe (weapon)
Armour
 b - a +0 animal skin
 d - a +0 pair of gloves (worn)
 e - a +0 scale mail
 g - a +0 kite shield (worn)
 k - a +2 cloak (worn)
 o - a +0 chain mail (worn)
 r - a +0 helmet (worn)
Jewellery
 h - a ring of magical power
 t - an amulet of magic regeneration
Wands
 C - a wand of polymorph (7)
Scrolls
 j - 4 scrolls of teleportation
 s - 2 scrolls of magic mapping
 v - a scroll of vulnerability {unknown}
 y - a scroll of blinking
 B - a scroll of enchant weapon {unknown}
Potions
 c - 4 potions of flight
 f - a potion of brilliance
 i - a potion of curing {unknown}
 l - a potion of lignification {unknown}
 m - a potion of ambrosia {unknown}
 q - 2 potions of heal wounds
 u - a potion of degeneration {unknown}
 w - a potion of invisibility {unknown}
 x - a potion of might
 z - a potion of resistance {unknown}
 A - a potion of mutation {unknown}


   Skills:
 + Level 4.9 Fighting
 * Level 7.4 Axes
 + Level 5.0 Armour
 + Level 2.7 Dodging
 * Level 4.8 Shields


You had 7 spell levels left.
You didn't know any spells.
Your spell library was empty.

Dungeon Overview and Level Annotations

Branches:
Dungeon (6/15)             Temple (0/1) D:5           Sewer (visited)

Altars:
Makhleb
The Shining One


Innate Abilities, Weirdness & Mutations

You are immune to sickness and miasma.
Your stone body is resilient. (AC +5)
You are immune to poison.
You resist negative energy. (rN+)
You are resistant to electric shocks. (rElec)
You are resistant to unholy torment.
You are immune to petrification.


Message History

The killer bee stings you but does no damage.
The killer bee stings you.
* * * LOW HITPOINT WARNING * * *
The killer bee barely misses you. You block the killer bee's attack.
The killer bee barely misses you. x2
You barely miss the killer bee.
The killer bee is almost dead.
You miss the killer bee. x2; You slash the killer bee!
You miss the killer bee.
The killer bee stings you but does no damage. x3
The killer bee barely misses you. You block the killer bee's attack.
The killer bee stings you.
* * * LOW HITPOINT WARNING * * *
The killer bee stings you but does no damage.
You block the killer bee's attack. x3
You miss the killer bee.
The killer bee is almost dead.
You hit the killer bee.
Your chain mail prevents you from hitting the killer bee.
You closely miss the killer bee. You miss the killer bee.
You block the killer bee's attack.
The killer bee stings you but does no damage.
The bullfrog snags a nearby blue-tailed skink with its tongue.
The killer bee barely misses you. You block the killer bee's attack.
The killer bee barely misses you. The killer bee stings you.
* * * LOW HITPOINT WARNING * * *
The killer bee stings you.
* * * LOW HITPOINT WARNING * * *
You block the bullfrog's attack. The killer bee closely misses you.
You are too berserk!
You slash the killer bee!
You kill the killer bee!
Trog accepts your kill.
You miss the killer bee. You slash the bullfrog! You hit the killer bee.
You closely miss the killer bee. You miss the killer bee.
The killer bee stings you but does no damage.
The killer bee closely misses you. The killer bee completely misses you.
You block the killer bee's attack.
The killer bee stings you but does no damage.
The killer bee stings you.
You die...

#......##...#
###....#....## ....
............## ....
###.##........# ..#
#..#........###..#
##..............# #
##.............#.##.
##........yy.......
##........@y>.....
#.....#..†yF......
.................#
....?.###+###.....
......#....$#.....
#./...#.....#....#
##....#.._..#.....
#....#.....#.....
..#.#$$...#...##


You could see a bullfrog and 4 killer bees.

Vanquished Creatures
  2 water moccasins
  An ice beast (D:6)
  A centaur (D:4)
  A phantom (D:4)
  A kobold brigand (D:6)
  A water moccasin zombie (D:5)
  3 scorpions
  A water moccasin skeleton (D:6)
  2 killer bees (D:6)
  A howler monkey (D:5)
  A hound (D:3)
  A jelly (D:4)
  A bullfrog skeleton (D:5)
  A gnoll shaman (D:6)
  An orc priest (D:4)
  A centaur skeleton (D:5)
  An iguana (D:5)
  5 orc wizards
  5 gnolls (D:6)
  9 adders
  A white imp (D:5)
  An ufetubus (D:4)
  An adder skeleton (D:4)
  6 worms
  5 dart slugs
  26 orcs
  10 endoplasms
  10 giant cockroaches
  5 goblins
  6 hobgoblins
  5 jackals
  5 quokkas
  7 ball pythons
  11 bats
  5 frilled lizards
  9 kobolds
  7 rats
160 creatures vanquished.

Notes
Turn   | Place    | Note
-------+----------+-------------------------------------------
     0 | D:1      | bananamous the Gargoyle Berserker began the quest for the
                  | Orb.
     0 | D:1      | Reached XP level 1. HP: 14/14 MP: 1/1
   233 | D:1      | Found a faded altar of an unknown god.
   273 | D:1      | Reached XP level 2. HP: 15/19 MP: 2/2
   397 | D:1      | Reached skill level 3 in Axes
  1130 | D:2      | Reached XP level 3. HP: 17/24 MP: 3/3
  1227 | D:2      | Reached ** piety under Trog
  2206 | D:2      | Reached XP level 4. HP: 22/29 MP: 4/4
  3096 | D:3      | Reached skill level 4 in Axes
  3270 | D:3      | Reached XP level 5. HP: 32/33 MP: 5/5
  3521 | D:3      | Reached skill level 1 in Shields
  3957 | D:3      | Reached *** piety under Trog
  4178 | D:4      | Reached XP level 6. HP: 38/38 MP: 6/6
  4474 | D:4      | Reached skill level 5 in Axes
  4616 | D:4      | Found a burning altar of Makhleb.
  4808 | D:4      | Found a glowing drain.
  4836 | Sewer    | Entered a sewer
  5793 | D:4      | Reached XP level 7. HP: 17/43 MP: 7/7
  6453 | D:5      | Entered Level 5 of the Dungeon
  6634 | D:5      | Reached skill level 6 in Axes
  6646 | D:5      | Reached **** piety under Trog
  6766 | D:5      | Reached XP level 8. HP: 46/48 MP: 8/8
  7175 | D:5      | Found a staircase to the Ecumenical Temple.
  7751 | D:6      | Reached skill level 7 in Axes
  8150 | D:6      | Found a glowing golden altar of the Shining One.
  8162 | D:6      | Reached skill level 5 in Armour
  8167 | D:6      | HP: 3/72 [killer bee (2)]
  8168 | D:6      | Slain by a killer bee

Illustrated notes

Levels and vault maps discovered:
D:1:      dpeg_arrival_round_b, layout_loops_ring,
          hellmonk_ecumenical_altar_arch_garden, minmay_misc_feat_square,
          minmay_crystal_water, minmay_worlds_worst_comb
D:2:      layout_loops_cross, serial_co_window_serial,
          co_window_of_opportunity_a, co_window_paths_a,
          co_window_of_opportunity_a, co_window_cross_1, co_window_paths_a,
          co_window_corner_b, co_window_cross_4, co_window_corner_ca,
          co_window_cross_3, co_window_2corner, co_window_2corner,
          co_window_cross_3, co_window_4corner_b, glass_columns_b,
          glass_columns_b, glass_columns_a, glass_columns_a
D:3:      layout_basic
D:4:      minmay_diamond_boxcup, layout_loops_corners, portal_sewer_entry_d,
          minmay_ruined_shrine
D:5:      layout_gridville, minmay_temple_entry_butterflies
D:6:      layout_cave_pools, amcnicky_altar_gilded, marbit_many_paths

Skill      XL: |  1  2  3  4  5  6  7  8 |
---------------+-------------------------+-----
Axes           | 3 4 5 6 7 |  7.4
Dodging        | 2 |  2.7
Fighting       | 4 |  4.9
Shields        | 1 2 3 4 |  4.8
Armour         | 3 4 5 |  5.0

Action                   |  1- 3 |  4- 6 |  7- 9 || total
-------------------------+-------+-------+-------++-------
Melee: Hand axe          |   141 |   128 |       ||   269
       War axe           |       |   133 |   210 ||   343
Invok: Berserk           |       |     4 |     4 ||     8
       Trog's Hand       |       |     1 |     1 ||     2
  Use: Scroll            |       |     1 |     7 ||     8
       Potion            |       |     1 |     2 ||     3
Armor: Animal skin       |    55 |       |       ||    55
       Scale mail        |    16 |    70 |       ||    86
       Chain mail        |       |   103 |   232 ||   335
Dodge: Dodged            |   104 |    75 |   108 ||   287
Block: Kite shield       |       |   115 |   158 ||   273

Table legend: (Time is in decaauts)
 A = Elapsed time spent in this place.
 B = Non-inter-level travel time spent in this place.
 C = Inter-level travel time spent in this place.
 D = Time resting spent in this place.
 E = Time spent auto-exploring this place.
 F = Levels seen in this place.
 G = Mean time per level.
                   A        B        C        D        E       F      G
               +--------+--------+--------+--------+--------+-----+--------+
         Total |   8605 |   8249 |    356 |   1037 |   5511 |   7 | 1229.3 |
       Dungeon |   7768 |   7412 |    356 |   1037 |   5105 |   6 | 1294.7 |
         Sewer |    836 |    836 |      0 |      0 |    406 |   1 |  836.0 |
               +--------+--------+--------+--------+--------+-----+--------+

Top non-repeatable levels by time:
     D:4: 1688 daAuts
     D:2: 1669 daAuts
     D:3: 1367 daAuts
     D:1: 1242 daAuts
     D:5: 1186 daAuts
   Sewer: 836 daAuts
     D:6: 613 daAuts
